cohdb
Replays
Latest Replays
All Replays
Popular Replays
Top Player Replays
Match Explorer
How It Works
Community
CoH3 Stats
Reddit
Sign in to upload your games and track your stats! →
Sign in with Steam
Match 41321669
Unlisted
Match 41321669
Overview
Messages
Build Orders
End
Construct Barracks
Riflemen Squad
Selects Heavy Weapons
Riflemen Squad
Riflemen Squad
Infantry Support Center
Selects M2HB .50cal Heavy Machine Gun
Construct Weapon Support Center
M1919 Machine Gun Team
Selects Assault Carriers
Selects Halftrack Strongpoints
M1918 Browning Automatic Rifles
M1919 Machine Gun Team
Bazooka Squad
Bazooka Squad
Selects Rapid Reposition
Improved M9 Bazooka Rockets
M1919 Machine Gun Team
Selects Bolstered Team Weapons
M3 Assault Carrier
Advanced Logistics
Survival Training
Selects Towed M5 3-inch Anti-tank Gun
Towed M5 3-inch Anti-tank Gun
AI Takeover
Comoko
broodwarjc
Animal Mother
Kaiser_NT
0
0
Comments
sign in to comment!
No comments posted yet!